 Dungeon Crawl Stone Soup version 0.30-a0-808-g6e0788376e (webtiles) character file.

Game seed: 8460703859344437086

92 cforsyth the Sneak (level 4, -5/28 HPs)
             Began as a Kobold Brigand on Feb 27, 2023.
             Slain by a gnoll
             ... wielding a +0 flail
              (7 damage)
             ... on level 3 of the Dungeon.
             The game lasted 00:02:06 (1806 turns).

cforsyth the Sneak (Kobold Brigand)                 Turns: 1806, Time: 00:02:07

Health: -5/28      AC:  4    Str:  8    XL:     4   Next: 90%
Magic:  4/4        EV: 15    Int: 12    God:
Gold:   102        SH:  0    Dex: 18    Spells: 3/3 levels left

rFire   . . .      SeeInvis .    g - +1 dagger (venom)
rCold   . . .      Faith    .    (no shield)
rNeg    . . .      Spirit   .    b - +0 robe
rPois   .          Reflect  .    (no helmet)
rElec   .          Harm     .    c - +0 cloak
rCorr   .          Rampage  .    n - +0 pair of gloves
Will    .....                    (no boots)
Stlth   ++++                     (no amulet)
HPRegen 0.24/turn                (no ring)
MPRegen 0.09/turn                (no ring)

@: invisible
A: small, no large weapons, nightstalker 3
a: no special abilities


You were on level 3 of the Dungeon.
You visited 1 branch of the dungeon, and saw 3 of its levels.

You collected 102 gold pieces.

Inventory:

Hand Weapons
 a - a +2 dagger
 g - a +1 dagger of venom (weapon)
Missiles
 d - 14 poisoned darts (quivered)
 e - 8 curare-tipped darts
Armour
 b - a +0 robe (worn)
 c - a +0 cloak (worn)
 n - a +0 pair of gloves (worn)
Scrolls
 f - 3 scrolls of identify {unknown}
 h - a scroll of fog {unknown}
 i - a scroll of amnesia {unknown}
 k - a scroll of fear {unknown}
Potions
 j - a potion of invisibility
 l - a potion of curing {unknown}
 m - a potion of haste {unknown}


   Skills:
 + Level 3.2 Fighting
 + Level 3.9 Short Blades
 - Level 2.1 Throwing
 + Level 2.6 Dodging
 + Level 6.0 Stealth


You had 3 spell levels left.
You didn't know any spells.
Your spell library contained the following spells:

 Spells                   Type           Power      Damage    Failure   Level
 Dazzling Flash           Conj/Hex       0%         N/A       69%         3
 Agony                    Necr           0%         N/A       100%        5
 Silence                  Hex/Air        0%         N/A       100%        5


Dungeon Overview and Level Annotations

Branches:
Dungeon (3/15)

Altars:

Shops:
D:1 :

Annotations:
D:3 Natasha


Innate Abilities, Weirdness & Mutations

You are small and have problems with some larger weapons.
You are completely attuned to the shadows.


Message History

A gnoll comes into view. It is wielding a +0 spear.
A gnoll comes into view. It is wielding a +0 flail.
You closely miss the gnoll. You closely miss the gnoll.
The gnoll closely misses you.
Natasha, Servant of Life and Death comes into view.
The gnoll hits you from afar with a +0 spear.
You barely miss the gnoll.
Natasha stares at you and mumbles some strange words.
The magic dart hits you. The gnoll barely misses you.
The gnoll hits you from afar with a +0 spear.
The gnoll misses you.
The gnoll shouts!
You hit the gnoll.
The gnoll is moderately wounded.
You barely miss the gnoll.
The gnoll is moderately wounded.
The gnoll closely misses you. The gnoll misses you.
The gnoll hits you from afar with a +0 spear.
You hit the gnoll.
The gnoll is poisoned.
The gnoll is moderately wounded.
The gnoll misses you.
The gnoll hits you from afar with a +0 spear. x2
You are too injured to fight recklessly!
You are too injured to fight recklessly!
You are too injured to fight recklessly!
Unknown command.
The gnoll attacks as you move away! The gnoll misses you.
Natasha attacks as you move away! Natasha barely misses you.
The gnoll barely misses you. The gnoll attacks as you move away!
The gnoll hits you with a +0 club.
* * * LOW HITPOINT WARNING * * *
Unknown command.
It was a potion of invisibility.
You fade into invisibility!
You hit the gnoll.
The gnoll looks as sick as possible!
The gnoll is severely wounded.
The gnoll hits you with a +0 club.
* * * LOW HITPOINT WARNING * * *
The gnoll hits you with a +0 flail!
You die...

.# ..~..~~...~## .# .#
~..~..~..~..~~# .#
...~.⌠~..~..~~# #
~..~..~⌠.~...~~# ##
~~..~..~..~..~~~# .#
#~...~~..~..~~~##...
.####.......~..~.##....
...##(.......~~..##g$..
##..#...........@#.....
#..............gggg...
....†.............####.
##.......#......###
####......#.### #.#####


You could see 4 gnolls.

Vanquished Creatures
  2 adders
  3 worms (D:2)
  A dart slug (D:2)
  An orc (D:2)
  5 ball pythons
  9 bats
  6 endoplasms
  6 giant cockroaches
  5 goblins
  4 hobgoblins
  5 kobolds
  3 quokkas (D:1)
  4 frilled lizards
  4 rats
58 creatures vanquished.

Vanquished Creatures (others)
  A plant (D:3)
1 creature vanquished.

Grand Total: 59 creatures vanquished

Notes
Turn   | Place    | Note
-------+----------+-------------------------------------------
     0 | D:1      | cforsyth the Kobold Brigand began the quest for the Orb.
     0 | D:1      | Reached XP level 1. HP: 12/12 MP: 1/1
     1 | D:1      | Noticed a minotaur skeleton
    76 | D:1      | Reached XP level 2. HP: 16/18 MP: 2/2
   248 | D:1      | Reached XP level 3. HP: 17/22 MP: 3/3
   375 | D:1      | Found Ycozo's Book Boutique.
   925 | D:2      | Reached XP level 4. HP: 27/27 MP: 4/4
  1286 | D:2      | Reached skill level 6 in Stealth
  1798 | D:3      | Noticed Natasha
  1806 | D:3      | Slain by a gnoll

Illustrated notes

Levels and vault maps discovered:
D:1:      shiori_arrival_whats_in_store_for_you, layout_basic, serial_shops,
          nicolae_shop_waterfront
D:2:      layout_basic
D:3:      cheibrodos_helix_gallery, layout_rooms, nicolae_uskayaw_suspiria,
          lemuel_crystal_altar, serial_forest, infiniplex_forest_clump_curved,
          infiniplex_forest_zigzag_2, infiniplex_forest_side_room,
          infiniplex_forest_clump_medium, infiniplex_forest_corner_1,
          infiniplex_forest_clump_double, infiniplex_forest_straight_2,
          infiniplex_forest_diagonal, uniq_sigmund, uniq_natasha

Skill      XL: |  1  2  3  4 |
---------------+-------------+-----
Short Blades   | 3 |  3.9
Dodging        | 2 |  2.6
Fighting       | 3 |  3.2
Stealth        | 6 |  6.0
Throwing       | |  2.1

Action                     |  1- 3 |  4- 6 || total
---------------------------+-------+-------++-------
  Melee: Dagger            |    68 |    63 ||   131
         Punch             |       |     1 ||     1
    Use: Potion            |       |     1 ||     1
   Stab: Sleeping          |    21 |     8 ||    29
 Armour: Robe              |     7 |     6 ||    13
  Dodge: Dodged            |    48 |    48 ||    96

Table legend: (Time is in decaauts)
 A = Elapsed time spent in this place.
 B = Non-inter-level travel time spent in this place.
 C = Inter-level travel time spent in this place.
 D = Time resting spent in this place.
 E = Time spent auto-exploring this place.
 F = Levels seen in this place.
 G = Mean time per level.
                   A        B        C        D        E       F      G
               +--------+--------+--------+--------+--------+-----+--------+
         Total |   1786 |   1756 |     30 |      0 |   1428 |   3 |  595.3 |
       Dungeon |   1786 |   1756 |     30 |      0 |   1428 |   3 |  595.3 |
               +--------+--------+--------+--------+--------+-----+--------+

Top non-repeatable levels by time:
     D:1: 851 daAuts
     D:2: 758 daAuts
     D:3: 176 daAuts
